 Dungeon Crawl Stone Soup version 0.21-a0-584-g185da8e (webtiles) character file.

11918 tilp the Thaumaturge (level 11, -26/86 HPs)
             Began as a Gnoll Skald on Dec 22, 2017.
             Was the Champion of Cheibriados.
             Annihilated by a very large slime creature (41 damage)
             ... on level 10 of the Dungeon.
             The game lasted 00:28:45 (9832 turns).

tilp the Thaumaturge (Gnoll Skald)                  Turns: 9832, Time: 00:28:46

Health: -26/86     AC: 21    Str: 31    XL:     11   Next: 85%
Magic:  23/23      EV: 16    Int: 31    God:    Cheibriados [******]
Gold:   850        SH:  3    Dex: 30    Spells: 11/26 levels left

rFire    . . .     SeeInvis .   H - +8 long sword "Qosyrgh" {vamp, rC+ rN++ MR+}
rCold    + . .     Gourm    .   (no shield)
rNeg     + + .     Faith    .   D - +0 crystal plate armour (curse)
rPois    .         Spirit   .   q - +0 helmet
rElec    .         Reflect  +   p - +0 cloak (curse)
rCorr    .         Harm     .   (no gloves)
MR       +....                  (no boots)
Stlth    ..........             G - +3 amulet of reflection
HPRegen  0.24/turn              i - +4 ring of evasion
MPRegen  0.18/turn              j - ring of wizardry

@: very slow
A: distributed training, fangs 1, strong nose
a: Bend Time, Temporal Distortion, Slouch, Step From Time, Renounce Religion


You were on level 10 of the Dungeon.
You worshipped Cheibriados.
Cheibriados was exalted by your worship.
You were not hungry.

You visited 1 branch of the dungeon, and saw 10 of its levels.
You also visited: Ossuary.

You collected 850 gold pieces.

Inventory:

Hand Weapons
 a - the +7 rapier "Killer Klown's Peril" {pierce, +Blink Int+5 Stlth+}
   (You found it on level 4 of the Dungeon)

   It inflicts extra damage upon your enemies.
   It affects your intelligence (+5).
   It lets you blink.
   It makes you more stealthy.
 H - the +8 long sword "Qosyrgh" (weapon) {vamp, rC+ rN++ MR+}
   (You found it on level 5 of the Dungeon)

   It inflicts no extra harm, but heals its wielder when it wounds a living foe.
   It protects you from cold.
   It greatly protects you from negative energy.
   It affects your resistance to hostile enchantments.
Missiles
 f - 236 stones
 k - 17 tomahawks (quivered)
Armour
 h - a +0 shield
 p - a cursed +0 cloak (worn)
 q - a +0 helmet (worn)
 w - a +1 leather armour of magic resistance
 D - a cursed +0 crystal plate armour (worn)
 N - the +0 leather armour of Experimentation {rF- rC+ rN+, unknown}
   (You found it on level 6 of the Dungeon)

   It makes you vulnerable to fire.
   It protects you from cold.
   It protects you from negative energy.
 W - the +1 leather armour "Wuasut" {rPois rC+, unknown}
   (You found it on level 9 of the Dungeon)

   It protects you from cold.
   It protects you from poison.
Magical Staves
 I - an uncursed staff of death {unknown}
Jewellery
 b - an uncursed ring of wizardry
 i - a +4 ring of evasion (left hand)
 j - a ring of wizardry (right hand)
 r - an uncursed amulet of magic regeneration
 t - an uncursed ring of flight {unknown}
 G - a +3 amulet of reflection (around neck)
 J - a cursed ring of teleportation {unknown}
 X - an uncursed ring of protection from fire {unknown}
Wands
 e - a wand of digging (18)
 L - a wand of paralysis (32)
Scrolls
 g - 2 scrolls of enchant weapon
 l - 2 scrolls of magic mapping
 m - 3 scrolls of amnesia
 o - 3 scrolls of remove curse
 u - 4 scrolls of fog
 y - 2 scrolls of immolation
 B - a scroll of random uselessness {unknown}
 C - 2 scrolls of silence
 E - a scroll of enchant armour {unknown}
 V - a scroll of acquirement {unknown}
Potions
 n - 3 potions of ambrosia
 s - 2 potions of might {unknown}
 v - 5 potions of curing
 x - 2 potions of agility
 z - a potion of invisibility {unknown}
 A - a potion of haste {unknown}
 F - 3 potions of lignification {unknown}
 K - a potion of brilliance {unknown}
 M - 2 potions of magic {unknown}
 P - 2 potions of resistance {unknown}
 Q - a potion of cancellation {unknown}
 R - a potion of mutation {unknown}
 T - a potion of heal wounds {unknown}
Books
 c - a book of Battle

   Spells                             Type                      Level
   a - Infusion                       Charms                       1
   b - Shroud of Golubria             Charms/Translocation         2
   c - Song of Slaying                Charms                       2
   d - Spectral Weapon                Hexes/Charms                 3
   e - Regeneration                   Charms/Necromancy            3
 O - a book of Air

   Spells                             Type                      Level
   a - Shock                          Conjuration/Air              1
   b - Swiftness                      Charms/Air                   2
   c - Static Discharge               Conjuration/Air              3
   d - Airstrike                      Air                          4
   e - Lightning Bolt                 Conjuration/Air              5
 S - a book of Minor Magic

   Spells                             Type                      Level
   a - Magic Dart                     Conjuration                  1
   b - Blink                          Translocation                2
   c - Call Imp                       Summoning                    2
   d - Slow                           Hexes                        2
   e - Conjure Flame                  Conjuration/Fire             3
   f - Mephitic Cloud                 Conjuration/Poison/Air       3
Miscellaneous
 U - a crystal ball of energy
Comestibles
 d - 17 rations


   Skills:
 + Level 8.1 Fighting
 + Level 6.5 Short Blades
 + Level 6.5 Long Blades
 + Level 6.5 Axes
 + Level 8.1 Maces & Flails
 + Level 6.5 Polearms
 + Level 6.5 Staves
 + Level 6.5 Slings
 + Level 6.5 Bows
 + Level 6.5 Crossbows
 + Level 6.5 Throwing
 + Level 7.1 Armour
 + Level 8.1 Dodging
 + Level 6.5 Stealth
 + Level 6.5 Shields
 + Level 6.5 Unarmed Combat
 + Level 8.3 Spellcasting
 + Level 5.4 Conjurations
 + Level 5.4 Hexes
 + Level 7.8 Charms
 + Level 5.4 Summonings
 + Level 5.4 Necromancy
 + Level 5.4 Translocations
 + Level 5.4 Transmutations
 + Level 5.4 Fire Magic
 + Level 5.4 Ice Magic
 + Level 5.4 Air Magic
 + Level 5.4 Earth Magic
 + Level 5.4 Poison Magic
 + Level 7.2 Invocations
 + Level 6.5 Evocations


You had 11 spell levels left.
You knew the following spells:

 Your Spells              Type           Power        Failure   Level  Hunger
a - Infusion              Chrm           ####         1%          1    None
b - Regeneration          Chrm/Necr      ######....   9%          3    None
c - Spectral Weapon       Hex/Chrm       ######..     9%          3    None
d - Blink                 Tloc           N/A          8%          2    None
e - Conjure Flame         Conj/Fire      #####...     16%         3    None
f - Mephitic Cloud        Conj/Pois/Air  #####...     16%         3    None


Dungeon Overview and Level Annotations

Branches:
Dungeon (10/15)            Temple (0/1) D:5            Lair (0/6) D:9
    Orc: D:9-12

Altars:
Cheibriados
Elyvilon
Gozag
Nemelex Xobeh
Okawaru
Sif Muna
Vehumet
Yredelemnul

Shops:
D:7 =


Innate Abilities, Weirdness & Mutations

Your experience applies equally to all skills.
You have very sharp teeth.
Your uncanny sense of smell can sniff out nearby items.


Message History

The very large slime creature is moderately wounded.
The very large slime creature hits you!!!
Ouch! That really hurt!
You slash the very large slime creature!
You feel better.
You bite the very large slime creature.
The very large slime creature is moderately wounded.
The very large slime creature misses you.
You slice the very large slime creature!!
The very large slime creature is heavily wounded.
The very large slime creature hits you!!!
* * * LOW HITPOINT WARNING * * *
Unknown command.
A very large slime creature splits.
Two slime creatures merge to form a very large slime creature.
Okay, then.
You feel better.
Okay, then.
The very large slime creature barely misses you.
The very large slime creature hits you!!!
You die...

.................+
....... .....
####.####.#...####
....... ###.. . ...#
#.#.#.# ......# ##.
######
#.#...######.....# ##
#.....##.........# #
###.####.#####+#.# #.#
#.# #.#.# #### #.#
#J#####.#.# #... #.#
#@#...#.#.# #.## #.#
#.#.#.....# #.# #.#
#.#.#.....# #.# #.#
#..^......#####.#
#.####...............#
#........##..#########
######.####..# #.#
#..# #.####..# ###


You could see a very large slime creature.

Vanquished Creatures
  Erolcha (D:9)
  3 two-headed ogres
  Pikel (D:9)
  A queen bee (D:8)
  2 trolls
  The ghost of Potsanchik the Shooter, an amateur DEAM (Ossuary)
  2 wraiths (D:8)
  Grum (D:8)
  The ghost of cirnu the Slasher, an amateur DsCK of Xom (D:7)
  3 hungry ghosts
  5 orc warriors
  4 ice beasts
  2 necrophages (D:8)
  A sky beast (D:10)
  4 ogres
  3 phantoms
  6 wolves
  8 centaurs
  5 bullfrogs
  An elf zombie (D:8)
  3 scorpions
  19 killer bees
  3 wights (D:7)
  6 howler monkeys
  3 electric eels
  3 crimson imps
  A bullfrog zombie (D:8)
  A centaur zombie (D:7)
  6 human zombies (D:8)
  A quasit (D:9)
  2 bullfrog skeletons (D:4)
  14 hounds
  A jelly (D:9)
  7 orc priests
  Crazy Yiuf (D:3)
  9 orc wizards
  4 iguanas
  8 worker ants
  A big kobold zombie (Ossuary)
  2 hound skeletons
  8 mummies (Ossuary)
  3 gnolls (D:3)
  9 adders
  2 shadow imps
  An ooze (D:1)
  2 worms
  2 dart slugs (D:1)
  7 leopard geckos
  48 orcs
  10 bats
  5 giant cockroaches
  6 goblins
  8 hobgoblins
  15 jackals
  2 quokkas
  7 frilled lizards
  3 hobgoblin zombies (Ossuary)
  9 kobolds
  3 kobold zombies (Ossuary)
  2 leopard gecko skeletons
  2 orc zombies
  A quokka skeleton (D:8)
  11 rats
316 creatures vanquished.

Vanquished Creatures (others)
  An unseen horror (D:10)
  4 slaves (D:9)
  An electric eel (D:9)
  2 jackals (D:10)
8 creatures vanquished.

Grand Total: 324 creatures vanquished

Notes
Turn   | Place    | Note
-------+----------+-------------------------------------------
     0 | D:1      | tilp the Gnoll Skald began the quest for the Orb.
     0 | D:1      | Reached XP level 1. HP: 20/20 MP: 6/6
   204 | D:1      | Reached XP level 2. HP: 26/26 MP: 7/7
   709 | D:1      | Reached XP level 3. HP: 31/31 MP: 9/9
   717 | D:1      | Learned a level 3 spell: Regeneration
   721 | D:1      | Learned a level 3 spell: Spectral Weapon
   728 | D:1      | Reached skill level 5 in Spellcasting
   931 | D:2      | Reached skill level 1 in Invocations
  1063 | D:2      | Reached skill level 1 in Short Blades
  1063 | D:2      | Reached skill level 1 in Long Blades
  1063 | D:2      | Reached skill level 1 in Axes
  1063 | D:2      | Reached skill level 1 in Polearms
  1063 | D:2      | Reached skill level 1 in Staves
  1063 | D:2      | Reached skill level 1 in Slings
  1063 | D:2      | Reached skill level 1 in Bows
  1063 | D:2      | Reached skill level 1 in Crossbows
  1063 | D:2      | Reached skill level 1 in Throwing
  1063 | D:2      | Reached skill level 1 in Stealth
  1063 | D:2      | Reached skill level 1 in Shields
  1063 | D:2      | Reached skill level 1 in Unarmed Combat
  1063 | D:2      | Reached skill level 1 in Evocations
  1203 | D:2      | Reached XP level 4. HP: 34/38 MP: 11/11
  1879 | D:3      | Reached skill level 1 in Conjurations
  1879 | D:3      | Reached skill level 1 in Hexes
  1879 | D:3      | Reached skill level 1 in Summonings
  1879 | D:3      | Reached skill level 1 in Necromancy
  1879 | D:3      | Reached skill level 1 in Translocations
  1879 | D:3      | Reached skill level 1 in Transmutations
  1879 | D:3      | Reached skill level 1 in Fire Magic
  1879 | D:3      | Reached skill level 1 in Ice Magic
  1879 | D:3      | Reached skill level 1 in Air Magic
  1879 | D:3      | Reached skill level 1 in Earth Magic
  1879 | D:3      | Reached skill level 1 in Poison Magic
  2147 | D:3      | Reached XP level 5. HP: 39/43 MP: 12/12
  2382 | D:3      | Found an iron altar of Okawaru.
  2592 | D:3      | Found a runed door.
  3006 | D:3      | Noticed Crazy Yiuf
  3011 | D:3      | Killed Crazy Yiuf
  3049 | D:4      | Got a transparent rapier
  3050 | D:4      | Identified the +7 rapier "Killer Klown's Peril" {pierce, +Blink Int+5 Stlth+} (You found it on level 4 of the Dungeon)
  3078 | D:4      | Noticed an ogre
  3085 | D:4      | Killed an ogre
  3085 | D:4      | Reached XP level 6. HP: 24/50 MP: 14/14
  3260 | D:4      | Found a snail-covered altar of Cheibriados.
  3262 | D:4      | Found a radiant altar of Vehumet.
  3263 | D:4      | Found a basalt altar of Yredelemnul.
  3264 | D:4      | Found a deep blue altar of Sif Muna.
  3265 | D:4      | Found an opulent altar of Gozag.
  3279 | D:4      | Became a worshipper of Cheibriados the Contemplative
  3330 | D:4      | Reached skill level 5 in Fighting
  3330 | D:4      | Reached skill level 5 in Maces & Flails
  3330 | D:4      | Reached skill level 5 in Dodging
  3451 | D:4      | Reached XP level 7. HP: 50/56 MP: 15/15
  3481 | D:4      | Reached * piety under Cheibriados
  4070 | D:5      | Entered Level 5 of the Dungeon
  4105 | D:5      | Reached XP level 8. HP: 62/63 MP: 16/16
  4161 | D:5      | Got an encrusted long sword
  4427 | D:5      | Found a white marble altar of Elyvilon.
  4522 | D:5      | Found a staircase to the Ecumenical Temple.
  4600 | D:6      | Reached ** piety under Cheibriados
  4996 | D:6      | Got a transparent leather armour
  5410 | D:6      | Reached XP level 9. HP: 68/69 MP: 18/18
  5528 | D:7      | Reached *** piety under Cheibriados
  5541 | D:7      | Found Hefih's Jewellery Shoppe.
  5608 | D:7      | Noticed cirnu's ghost (amateur DsCK)
  5635 | D:7      | Killed cirnu's ghost
  5680 | D:7      | Reached skill level 5 in Armour
  5707 | D:7      | Found a sand-covered staircase.
  5744 | Ossuary  | Entered an ossuary
  5811 | Ossuary  | Noticed Potsanchik's ghost (amateur DEAM)
  5822 | Ossuary  | Killed Potsanchik's ghost
  5822 | Ossuary  | Reached **** piety under Cheibriados
  6152 | Ossuary  | Identified the +8 long sword "Qosyrgh" {vamp, rC+ rN++ MR+} (You found it on level 5 of the Dungeon)
  6245 | D:7      | Reached skill level 5 in Invocations
  6462 | D:7      | Reached XP level 10. HP: 77/77 MP: 20/20
  6641 | D:8      | Noticed a two-headed ogre
  6646 | D:8      | Killed a two-headed ogre
  6646 | D:8      | Reached skill level 5 in Short Blades
  6646 | D:8      | Reached skill level 5 in Long Blades
  6646 | D:8      | Reached skill level 5 in Axes
  6646 | D:8      | Reached skill level 5 in Polearms
  6646 | D:8      | Reached skill level 5 in Staves
  6646 | D:8      | Reached skill level 5 in Slings
  6646 | D:8      | Reached skill level 5 in Bows
  6646 | D:8      | Reached skill level 5 in Crossbows
  6646 | D:8      | Reached skill level 5 in Throwing
  6646 | D:8      | Reached skill level 5 in Stealth
  6646 | D:8      | Reached skill level 5 in Shields
  6646 | D:8      | Reached skill level 5 in Unarmed Combat
  6646 | D:8      | Reached skill level 5 in Evocations
  6803 | D:8      | Reached ***** piety under Cheibriados
  6848 | D:8      | Found a basalt altar of Yredelemnul.
  6919 | D:8      | Noticed a two-headed ogre
  6923 | D:8      | Killed a two-headed ogre
  6938 | D:8      | Noticed Grum
  6953 | D:8      | Killed Grum
  7239 | D:8      | Reached XP level 11. HP: 82/84 MP: 22/22
  7550 | D:9      | Noticed Pikel
  7564 | D:9      | Killed Pikel
  7600 | D:9      | Noticed a two-headed ogre
  7607 | D:9      | Killed a two-headed ogre
  7607 | D:9      | Reached skill level 5 in Conjurations
  7607 | D:9      | Reached skill level 5 in Hexes
  7607 | D:9      | Reached skill level 5 in Summonings
  7607 | D:9      | Reached skill level 5 in Necromancy
  7607 | D:9      | Reached skill level 5 in Translocations
  7607 | D:9      | Reached skill level 5 in Transmutations
  7607 | D:9      | Reached skill level 5 in Fire Magic
  7607 | D:9      | Reached skill level 5 in Ice Magic
  7607 | D:9      | Reached skill level 5 in Air Magic
  7607 | D:9      | Reached skill level 5 in Earth Magic
  7607 | D:9      | Reached skill level 5 in Poison Magic
  7742 | D:9      | Reached ****** piety under Cheibriados
  7816 | D:9      | Found a staircase to the Lair.
  7869 | D:9      | Got a scorched leather armour
  8020 | D:9      | Noticed Erolcha
  8031 | D:9      | Killed Erolcha
  8536 | D:9      | Found a sparkling altar of Nemelex Xobeh.
  8675 | D:9      | Learned a level 2 spell: Blink
  8679 | D:9      | Learned a level 3 spell: Conjure Flame
  8683 | D:9      | Learned a level 3 spell: Mephitic Cloud
  8704 | D:10     | Entered Level 10 of the Dungeon
  8737 | D:10     | HP: 4/86 [electric eel/bolt of electricity (6)]
  9359 | D:10     | Killed an unseen horror
  9832 | D:10     | Annihilated by a very large slime creature

Vault maps used:
D:1:      eino_arrival_tree_alley, grunt_decor_mini_mirrors, patterned_corridor
D:2:      first_ration, corexii_shack
D:3:      okawaru_ov_weapons_minmay, uniq_crazy_yiuf_cottage
D:4:      grunt_temple_overflow_open, minmay_cupped
D:5:      temple_statues, elyvilon_altar_4
D:7:      serial_shops, kennysheep_mini, enter_ossuary_1
D:8:      david_nohive_1, lemuel_mausoleum_altar_yredelemnul, uniq_grum
D:9:      erik_lair_island, lemuel_statue_altar, uniq_pikel, uniq_erolcha
D:10:     erik_orc_2
Ossuary:  ossuary_tomb_3

Skill      XL: |  1  2  3  4  5  6  7  8  9 10 11 |
---------------+----------------------------------+-----
Spellcasting   | 5 6 7 8 |  8.3
Invocations    | 1 2 3 4 5 6 7 |  7.2
Short Blades   | 1 2 3 4 5 6 |  6.5
Long Blades    | 1 2 3 4 5 6 |  6.5
Axes           | 1 2 3 4 5 6 |  6.5
Polearms       | 1 2 3 4 5 6 |  6.5
Staves         | 1 2 3 4 5 6 |  6.5
Slings         | 1 2 3 4 5 6 |  6.5
Bows           | 1 2 3 4 5 6 |  6.5
Crossbows      | 1 2 3 4 5 6 |  6.5
Throwing       | 1 2 3 4 5 6 |  6.5
Stealth        | 1 2 3 4 5 6 |  6.5
Shields        | 1 2 3 4 5 6 |  6.5
Unarmed Combat | 1 2 3 4 5 6 |  6.5
Evocations     | 1 2 3 4 5 6 |  6.5
Conjurations   | 1 2 3 4 5 |  5.4
Hexes          | 1 2 3 4 5 |  5.4
Summonings     | 1 2 3 4 5 |  5.4
Necromancy     | 1 2 3 4 5 |  5.4
Translocations | 1 2 3 4 5 |  5.4
Transmutations | 1 2 3 4 5 |  5.4
Fire Magic     | 1 2 3 4 5 |  5.4
Ice Magic      | 1 2 3 4 5 |  5.4
Air Magic      | 1 2 3 4 5 |  5.4
Earth Magic    | 1 2 3 4 5 |  5.4
Poison Magic   | 1 2 3 4 5 |  5.4
Armour         | 3 4 5 6 7 |  7.1
Fighting       | 5 6 7 8 |  8.1
Maces & Flails | 5 6 7 8 |  8.1
Dodging        | 5 6 7 8 |  8.1
Charms         | 6 7 |  7.8

Action                   |  1- 3 |  4- 6 |  7- 9 | 10-12 || total
-------------------------+-------+-------+-------+-------++-------
Melee: Mace              |    36 |       |       |       ||    36
       Bite              |     5 |    22 |    51 |    85 ||   163
       Dagger            |    64 |   133 |       |       ||   197
       Punch             |     1 |     1 |     2 |    16 ||    20
       Rapier            |       |    37 |   303 |       ||   340
       Long sword        |       |       |    41 |   333 ||   374
 Fire: Blowgun           |       |     1 |       |       ||     1
Throw: Stone             |       |     2 |       |       ||     2
 Cast: Infusion          |     1 |       |       |       ||     1
  Use: Scroll            |       |       |    10 |     3 ||    13
       Potion            |       |       |     1 |     1 ||     2
 Stab: Paralysed         |       |     1 |       |       ||     1
  Eat: Chunk             |     1 |     7 |     6 |     4 ||    18
       Ration            |       |       |     3 |     1 ||     4
Armor: Leather armour    |     8 |       |       |       ||     8
       Ring mail         |    31 |    31 |       |       ||    62
       Chain mail        |       |    22 |       |       ||    22
       Plate armour      |       |    21 |       |       ||    21
       Crystal plate arm |       |    15 |   328 |   229 ||   572
Dodge: Dodged            |    90 |    90 |   134 |   329 ||   643
Block: Other             |       |       |    25 |    44 ||    69
       Rpst.: Long sword |       |       |     5 |    97 ||   102

Table legend:
 A = Spawn XP
 B = Non-spawn XP
 C = Spawn XP percentage of total XP
 D = Spawn monster count
 E = Non-spawn monster count
 F = Spawn count percentage of total count
 G = Total turns spent on level
                    A         B        C        D         E        F      G
               +---------+---------+-------+---------+---------+-------+---------
         Total |       0 |   17027 |   0.0 |       0 |     318 |   0.0 |  9832
               +---------+---------+-------+---------+---------+-------+---------
           D:1 |       0 |      48 |   0.0 |       0 |      22 |   0.0 |   927
           D:2 |       0 |      72 |   0.0 |       0 |      22 |   0.0 |   819
           D:3 |       0 |     190 |   0.0 |       0 |      37 |   0.0 |  1297
           D:4 |       0 |     747 |   0.0 |       0 |      23 |   0.0 |  1027
           D:5 |       0 |     481 |   0.0 |       0 |      11 |   0.0 |   515
           D:6 |       0 |     838 |   0.0 |       0 |      29 |   0.0 |   919
           D:7 |       0 |    2041 |   0.0 |       0 |      47 |   0.0 |   699
           D:8 |       0 |    5287 |   0.0 |       0 |      43 |   0.0 |   897
           D:9 |       0 |    4018 |   0.0 |       0 |      25 |   0.0 |  1393
          D:10 |       0 |    2897 |   0.0 |       0 |      42 |   0.0 |   901
       Ossuary |       0 |     408 |   0.0 |       0 |      17 |   0.0 |   438
               +---------+---------+-------+---------+---------+-------+---------
